 Dungeon Crawl Stone Soup version 0.29.1-15-g9cfb28693d (webtiles) character file.

Game seed: 12850663728015581223

140 AppTheSpectato the Trooper (level 5, -4/42 HPs)
             Began as a Human Chaos Knight on Feb 27, 2023.
             Was a Plaything of Xom.
             Killed by divine providence
             ... invoked by an orc priest
              (13 damage)
             ... on level 3 of the Dungeon.
             The game lasted 00:16:19 (3010 turns).

AppTheSpectato the Trooper (Human Chaos Knight)     Turns: 3010, Time: 00:16:20

Health: -4/42      AC:  8    Str: 14    XL:     5   Next: 46%
Magic:  5/5        EV: 12    Int: 13    God:    Xom [*.....]
Gold:   77         SH:  0    Dex: 12    Spells: 4/4 levels left

rFire   . . .      SeeInvis .   a - +1 spear (chaos)
rCold   . . .      Faith    .   (no shield)
rNeg    . . .      Spirit   .   b - +3 leather armour
rPois   .          Reflect  .   p - +1 helmet
rElec   .          Harm     .   (no cloak)
rCorr   .          Rampage  .   (no gloves)
Will    .....                   (no boots)
Stlth   +.........              (no amulet)
HPRegen 0.14/turn               (no ring)
MPRegen 0.09/turn               (no ring)

@: no status effects
A: no striking features
a: Renounce Religion


You were on level 3 of the Dungeon.
You worshipped Xom.
You were a special plaything of Xom.
You visited 1 branch of the dungeon, and saw 3 of its levels.

You collected 77 gold pieces.

Inventory:

Hand Weapons
 a - a +1 spear of chaos (weapon)
Missiles
 g - 4 poisoned darts
Armour
 b - a +3 leather armour (worn)
 p - a +1 helmet (worn)
Scrolls
 i - 2 scrolls of enchant armour
 l - a scroll of enchant weapon
 n - a scroll of teleportation {unknown}
 q - a scroll of amnesia {unknown}
Potions
 d - 2 potions of berserk rage {unknown}
 e - 3 potions of heal wounds {unknown}
 f - a potion of haste {unknown}
 h - 2 potions of curing {unknown}
 j - 2 potions of resistance {unknown}
 k - 2 potions of might {unknown}
 m - a potion of degeneration {unknown}
 o - a potion of attraction {unknown}
Miscellaneous
 c - a piece from Xom's chessboard (1/15) (quivered)


   Skills:
 + Level 3.8 Fighting
 + Level 3.8 Polearms
 + Level 3.1 Armour
 + Level 2.5 Dodging


You had 4 spell levels left.
You didn't know any spells.
Your spell library was empty.

Dungeon Overview and Level Annotations

Branches:
Dungeon (3/15)

Altars:


Message History

Found 11 gold pieces.
You barely miss the orc priest.
The orc priest hits you with a +0 flail!
An orc opens the door.
You closely miss the orc priest.
The orc wizard mumbles some strange words.
The orc wizard flickers and vanishes!
Deactivating autopickup; reactivate with Ctrl-A.
You hit the orc but do no damage. "Forecast: mostly cloudy."
You hit the orc but do no damage. The orc attacks as you move away!
The orc closely misses you.
The orc priest looks satisfied for a moment.
You make a move on Xom's chessboard...
The orc struggles to resist.
The orc closely misses you.
You make a move on Xom's chessboard...
The orc twists and deforms.
Something hits you.
You make a move on Xom's chessboard...
The orc is outlined in light.
Something hits you but does no damage. The orc priest completely misses you.
The orc hits you but does no damage.
You make a move on Xom's chessboard...
The orc priest flickers and vanishes!
The orc hits you but does no damage.
You hear some strange, mumbled words.
Something tries to affect you, but you resist.
Something hits you!
You hear something invoke the aid of Beogh against you.
Beogh smites you!
* * * LOW HITPOINT WARNING * * *
You make a move on Xom's chessboard...
The orc seems to grow stronger.
You make a move on Xom's chessboard...
The orc twists and deforms.
You make a move on Xom's chessboard...
The orc glows brighter.
The orc barely misses you. Something hits you but does no damage.
You make a move on Xom's chessboard...
The orc seems to slow down.
Something hits you but does no damage. Something completely misses you.
The orc hits you with a +0 club.
* * * LOW HITPOINT WARNING * * *
You make a move on Xom's chessboard...
The orc seems to slow down.
You hear something call down the wrath of Beogh upon you.
Beogh smites you!
You die...

#.....#....[#
#....####'###
'...###.....#
#..###.....###
#.###.....###.
####.....###.. #
#.....## .§§
.####'#######§#####.####
(...........§§§{@.......
.######.....§#§{o.......
####.###§§#>###### #.#
#..#.# #.# #$.... #.#
#.##.## #.# #.# .# #.#
#.. .. #.


You could see an orc (strong, slow, misshapen, corona).

Vanquished Creatures
  A gnoll (D:3)
  A river rat (D:2)
  3 adders
  A worm (D:3)
  2 dart slugs (D:2)
  An orc (D:1)
  3 ball pythons
  2 bats (D:1)
  4 endoplasms
  A giant cockroach (D:1)
  9 goblins
  5 hobgoblins
  2 kobolds
  5 quokkas
  4 frilled lizards
  2 rats
46 creatures vanquished.

Vanquished Creatures (collateral kills)
  3 gnolls (D:3)
  2 kobolds (D:2)
  A rat (D:2)
6 creatures vanquished.

Vanquished Creatures (others)
  A kobold (D:1)
  5 plants (D:2)
6 creatures vanquished.

Grand Total: 58 creatures vanquished

Notes
Turn   | Place    | Note
-------+----------+-------------------------------------------
     0 | D:1      | AppTheSpectato the Human Chaos Knight began the quest for
                  | the Orb.
     0 | D:1      | Reached XP level 1. HP: 18/18 MP: 1/1
   159 | D:1      | XOM is BORED!
   159 | D:1      | XOM: silly message
   160 | D:1      | XOM: divination: detect items
   424 | D:1      | Reached XP level 2. HP: 24/24 MP: 2/2
   607 | D:1      | XOM: divination: magic mapping
   853 | D:1      | Reached XP level 3. HP: 15/29 MP: 3/3
  1338 | D:1      | XOM: silly message
  1582 | D:2      | XOM: confuse monster(s)
  1808 | D:2      | Found a faded altar of an unknown god.
  1876 | D:2      | XOM: noise
  1879 | D:2      | Reached XP level 4. HP: 34/35 MP: 4/4
  2565 | D:3      | XOM: summons friendly iron imp
  2577 | D:3      | Reached XP level 5. HP: 17/42 MP: 5/5
  2683 | D:3      | XOM: 1-stop teleportation journey
  2987 | D:3      | XOM: confusion (+ monsters)
  3000 | D:3      | XOM: fog
  3010 | D:3      | Killed from afar by an orc priest

Illustrated notes

Levels and vault maps discovered:
D:1:      shiori_arrival_maze, layout_basic
D:2:      layout_basic, dreamdust_ecumenical_altar_grove,
          corexii_item_surrounded_by_moat
D:3:      layout_loops_ring, lightli_sewer_entry_pipes, minmay_quadrilaterals

Skill      XL: |  1  2  3  4 |
---------------+-------------+-----
Dodging        | 2 |  2.5
Armour         | 3 |  3.1
Fighting       | |  3.8
Polearms       | |  3.8

Action                   |  1- 3 |  4- 6 || total
-------------------------+-------+-------++-------
Melee: Spear             |   125 |    74 ||   199
       Punch             |       |     1 ||     1
Evoke: Piece from Xom's  |     3 |    16 ||    19
  Use: Scroll            |     2 |     1 ||     3
Armor: Leather armour    |    37 |    34 ||    71
Dodge: Dodged            |    69 |    47 ||   116
